 Seeded DCSS version 0.31-a0-4-gefa6de2278 (webtiles) character file.

Game seed: 9909445277333701623 (custom seed)

13 Pimp the Trooper (level 2, 27/27 HPs)
             Began as a Minotaur Fighter on May 3, 2023.
             Quit the game on level 1 of the Dungeon.
             The game lasted 00:01:05 (229 turns).

Pimp the Trooper (Minotaur Fighter)                  Turns: 229, Time: 00:01:05

Health: 27/27      AC:  7    Str: 20    XL:     2   Next: 24%
Magic:  1/1        EV:  9    Int:  5    God:
Gold:   0          SH:  4    Dex:  9    Spells: 1/1 levels left

rFire   . . .        a - +0 war axe
rCold   . . .        c - +0 buckler
rNeg    . . .        b - +0 scale mail
rPois   .            (helmet restricted)
rElec   .            (no cloak)
rCorr   .            (no gloves)
SInv    .            (no boots)
Will    .....        (no amulet) Stlth
                     (no ring)
HPRegen 0.24/turn    (no ring)
MPRegen 0.07/turn

%: no passive effects
@: no status effects
A: horns 2, retaliatory headbutt
a: no special abilities


You were on level 1 of the Dungeon.
You visited 1 branch of the dungeon, and saw 1 of its levels.

Inventory:

Hand Weapons
 a - a +0 war axe (weapon)
Armour
 b - a +0 scale mail (worn)
 c - a +0 buckler (worn)
Jewellery
 e - a ring of willpower
 f - the ring of the Floral God {Wiz *Corrode rF+ rN+ Str+2}
   (You acquired it on level 1 of the Dungeon)

   [ring of wizardry]

   It improves your spell success rate.
   Str:       It affects your strength (+2).
   rF:        It protects you from fire.
   rN:        It protects you from negative energy.
   *Corrode:  It may corrode you when you take damage.
Scrolls
 d - a scroll of noise {unknown}


   Skills:
 + Level 3.9 Fighting
 + Level 2.7 Axes
 + Level 3.9 Armour
 + Level 3.9 Shields


You had one spell level left.
You didn't know any spells.
Your spell library was empty.

Dungeon Overview and Level Annotations

Branches:
Dungeon (1/15)

Altars:


Innate Abilities, Weirdness & Mutations

You have a pair of horns on your head.
You reflexively headbutt those who attack you in melee.


Message History

* * * LOW HITPOINT WARNING * * *
You feel sick.
You see here a scroll labelled OXTIQU GAKK.
* * * LOW HITPOINT WARNING * * *
You feel sick.
You feel very mighty all of a sudden.
* * * LOW HITPOINT WARNING * * *
You feel sick.
You slash the goblin!
You kill the goblin!
You feel sick.
* * * LOW HITPOINT WARNING * * *
You feel sick.
Things that are here:
a +0 club; a goblin corpse
* * * LOW HITPOINT WARNING * * *
You feel sick.
You are no longer poisoned.
d - a scroll labelled OXTIQU GAKK This is a scroll of acquirement!
Something appears at your feet!
f - the ring of the Floral God {Wiz *Corrode rF+ rN+ Str+2} A giant cockroach comes into view.
You see here a +0 dagger.
You see here a hobgoblin corpse.
You hit the giant cockroach.
The giant cockroach is heavily wounded.
The giant cockroach bites you but does no damage.
You closely miss the giant cockroach.
The giant cockroach is heavily wounded.
You block the giant cockroach's attack. x2
You slash the giant cockroach!
You kill the giant cockroach!
You start resting.
You feel a little less mighty now.
You start resting.
HP restored.
Things that are here:
a +2 dagger of venom; a goblin corpse Are you sure you want to abandon this character and quit the game? (Confirm with "yes".)

## #..########
#..#......#.....
#....#.##.#.... . #..(
###.##.#..#...#.. #...
#...#..#.##.....# .....
#.###.##..#....#
.....#######...#######..#
...............#......#.#
................@##..)#†##
..........†....#.##.).†..#####
...............#..#..#).......
#.............##.....#.##.....
##...................#.# ....
#......................# ...
..#####..##..##......#..# .. #
.....##..........#.... .
#.##..##....#..........


There were no monsters in sight!

Vanquished Creatures
  2 giant cockroaches (D:1)
  3 goblins (D:1)
  4 hobgoblins (D:1)
  A rat (D:1)
10 creatures vanquished.

Notes
Turn   | Place    | Note
-------+----------+-------------------------------------------
     0 | D:1      | Pimp the Minotaur Fighter began the quest for the Orb.
     0 | D:1      | Reached XP level 1. HP: 19/19 MP: 0/0
   109 | D:1      | Reached XP level 2. HP: 20/27 MP: 1/1
   118 | D:1      | HP: 1/27 [poisoned by a goblin]
   120 | D:1      | Identified a scroll of acquirement
   120 | D:1      | Acquired the ring of the Floral God {Wiz *Corrode rF+ rN+
                  | Str+2}
   229 | D:1      | Quit the game

Illustrated notes

Levels and vault maps discovered:
D:1:      psy_arrival_radial01, layout_rooms, chequers_hall_statues_wall_a,
          supply_closet_lemuel

Action                     || total
---------------------------++-------
  Melee: War axe           ||    15
         Headbutt          ||     1
    Use: Scroll            ||     1
         Potion            ||     1
 Armour: Scale mail        ||     5
  Dodge: Dodged            ||    12
  Block: Buckler           ||     3

Table legend: (Time is in decaauts)
 A = Elapsed time spent in this place.
 B = Non-inter-level travel time spent in this place.
 C = Inter-level travel time spent in this place.
 D = Time resting spent in this place.
 E = Time spent auto-exploring this place.
 F = Levels seen in this place.
 G = Mean time per level.
                   A        B        C        D        E       F      G
               +--------+--------+--------+--------+--------+-----+--------+
         Total |    234 |    228 |      6 |     96 |     85 |   1 |  234.0 |
       Dungeon |    234 |    228 |      6 |     96 |     85 |   1 |  234.0 |
               +--------+--------+--------+--------+--------+-----+--------+

Top non-repeatable levels by time:
     D:1: 234 daAuts
